 Dungeon Crawl Stone Soup version bcrawl-1.12-10-g10a67aac0f (webtiles) character file.

Game seed: 16052390291780034579

361 Hercules1031 the Covered (level 6, -2/48 HPs)
             Began as a Human Wanderer on June 16, 2019.
             Was an Initiate of Okawaru.
             Slain by a hornet (4 damage)
             ... on level 4 of the Dungeon.
             The game lasted 00:11:07 (2519 turns).

Hercules1031 the Covered (Human Wanderer)           Turns: 2519, Time: 00:11:07

Health: -2/48      AC: 19    Str: 12 (14) XL:     6   Next: 99%
Magic:  6/6        EV: 15    Int: 12      God:    Okawaru [......]
Gold:   137        SH:  1    Dex: 18      Spells: 5/5 levels left

rFire    x . .     SeeInvis +   a - +0 falchion
rCold    + . .     Gourm    .   (no shield)
rNeg     . . .     Faith    .   b - +2 scale mail
rPois    +         Spirit   .   v - +2 helmet {SInv}
rElec    .         Reflect  .   k - +2 cloak
rCorr    .         Harm     .   p - +2 pair of gloves
MR       .....                  (no boots)
Stlth    ++........             (no amulet)
HPRegen  0.16/turn              c - ring of poison resistance
MPRegen  0.10/turn              t - ring of ice

@: agile
A: no striking features
a: Renounce Religion


You were on level 4 of the Dungeon.
You worshipped Okawaru.
Okawaru was noncommittal.
You were not hungry.

You visited 1 branch of the dungeon, and saw 4 of its levels.

You collected 137 gold pieces.

Inventory:

Hand Weapons
 a - a +0 falchion (weapon)
 q - a +0 falchion
Missiles
 g - a throwing net (quivered) {!f}
Armour
 b - a +2 scale mail (worn)
 k - a +2 cloak (worn)
 p - a +2 pair of gloves (worn)
 v - a +2 helmet of see invisible (worn)
Jewellery
 c - a ring of poison resistance (left hand)
 r - an uncursed ring of wizardry
 t - a ring of ice (right hand)
Wands
 e - a wand of scattershot (2)
Scrolls
 m - a scroll of amnesia
 n - 2 scrolls of remove curse


   Skills:
 + Level 3.7 Fighting
 + Level 4.1 Long Blades
   Level 1.1 Axes
 + Level 4.9 Armour
 + Level 3.2 Dodging
 - Level 1.2 Stealth
   Level 1.1 Shields


You had 5 spell levels left.
You didn't know any spells.
Your spell library was empty.

Dungeon Overview and Level Annotations

Branches:
Dungeon (4/12)
 Temple: D:4-7

Altars:
Hepliaklqana
Okawaru

Shops:
D:4 [


Message History

* * * LOW HITPOINT WARNING * * *
You hit the hornet.
The hornet is heavily wounded.
The hornet stings you but does no damage.
You hit the hornet but do no damage.
The hornet is heavily wounded.
The hornet barely misses you. x2
You closely miss the hornet.
The hornet is heavily wounded.
You block the hornet's attack.
You barely miss the hornet.
The hornet is heavily wounded.
The hornet barely misses you. x2
You hit the hornet.
The hornet is severely wounded.
The hornet barely misses you.
You hit the hornet but do no damage.
The hornet is severely wounded.
The hornet stings you.
You die...

.. #. # #. #.#.
##.##
.##.#%#####......
......#Sy@....#
#...###.#.# #.∩.#
..# ###...# ...#
##.<.#.###.# #
.............#
.......#..<..#
.........##..#
.......... ..#


You could see a hornet and an adder.

Vanquished Creatures
  Grinder (D:3)
  A worker ant (D:3)
  Robin (D:3)
  5 adders
  An ooze (D:2)
  A worm (D:3)
  3 dart slugs (D:1)
  8 leopard geckos
  An orc (D:3)
  A giant cockroach (D:1)
  10 goblins
  10 hobgoblins
  6 jackals (D:1)
  3 quokkas
  A ball python (D:1)
  9 bats
  5 frilled lizards
  5 kobolds
  5 rats
  A plant (D:2)
78 creatures vanquished.

Notes
Turn   | Place    | Note
-------+----------+-------------------------------------------
     0 | D:1      | Hercules1031 the Human Wanderer began the quest for the
                  | Orb.
     0 | D:1      | Hercules1031 set off with the following items: a +0
                  | falchion, a +2 scale mail, a potion of curing, a ration
                  | {!d}
     0 | D:1      | Reached XP level 1. HP: 16/16 MP: 1/1
   148 | D:1      | Reached XP level 2. HP: 18/22 MP: 2/2
   244 | D:1      | Reached skill level 1 in Dodging
   310 | D:1      | Reached XP level 3. HP: 28/28 MP: 3/3
   836 | D:2      | Reached XP level 4. HP: 22/34 MP: 4/4
   848 | D:2      | Found an iron altar of Okawaru.
   885 | D:2      | Became a worshipper of Warmaster Okawaru
  1675 | D:3      | Reached XP level 5. HP: 34/40 MP: 5/5
  1827 | D:3      | Found a hazy altar of Hepliaklqana.
  1851 | D:3      | Noticed Robin
  1905 | D:3      | Killed Robin
  2109 | D:3      | Noticed Grinder
  2129 | D:3      | Paralysed by Grinder for 3 turns
  2139 | D:3      | Paralysed by Grinder for 3 turns
  2157 | D:3      | Killed Grinder
  2157 | D:3      | Reached * piety under Okawaru
  2157 | D:3      | Reached XP level 6. HP: 41/48 MP: 6/6
  2478 | D:4      | Found Hetazih's Armour Emporium.
  2478 | D:4      | Noticed a hornet
  2492 | D:4      | HP: 1/48 [hornet (12)]
  2511 | D:4      | HP: 2/48 [hornet (4)]
  2519 | D:4      | Slain by a hornet

Skill      XL: |  1  2  3  4  5 |
---------------+----------------+-----
Dodging        | 1 2 3 |  3.2
Long Blades    | 3 4 |  4.1
Armour         | 4 |  4.9
Fighting       | 3 |  3.7
Axes           | |  1.1
Stealth        | |  1.2
Shields        | |  1.1

Action                   |  1- 3 |  4- 6 || total
-------------------------+-------+-------++-------
Melee: Falchion          |   163 |   337 ||   500
       Punch             |       |     1 ||     1
Invok: Heroism           |       |     1 ||     1
  Use: Scroll            |       |    10 ||    10
       Potion            |       |    10 ||    10
  Eat: Ration            |       |     2 ||     2
       Chunk             |       |     1 ||     1
Armor: Scale mail        |   122 |   114 ||   236
       Skin              |       |     9 ||     9
Dodge: Dodged            |   135 |   134 ||   269
Block: Other             |       |     9 ||     9
